 Dungeon Crawl Stone Soup version 0.25.0-10-g039870ee82 (webtiles) character file.

Game seed: 9973251842639386511

34 Acheron the Skirmisher (level 3, 0/51 HPs)
             Began as a Minotaur Abyssal Knight on June 23, 2020.
             Was a Follower of Lugonu.
             Slain by a hobgoblin
             ... wielding a +0 club
              (1 damage)
             ... on level 2 of the Dungeon.
             The game lasted 00:04:55 (1329 turns).

Acheron the Skirmisher (Minotaur Abyssal Knight)    Turns: 1329, Time: 00:04:58

Health: 0/51       AC:  3    Str: 16    XL:     3   Next: 14%
Magic:  3/3        EV: 10    Int:  9    God:    Lugonu [*.....]
Gold:   78         SH:  3    Dex: 10    Spells: 2/2 levels left

rFire    . . .     SeeInvis .   a - +1 hand axe
rCold    . . .     Gourm    .   q - +0 buckler
rNeg     . . .     Faith    .   b - +0 leather armour
rPois    .         Spirit   .   (helmet restricted)
rElec    .         Reflect  .   (no cloak)
rCorr    .         Harm     .   (no gloves)
MR       .....                  (no boots)
Stlth    ..........             (no amulet)
HPRegen  0.17/turn              (no ring)
MPRegen  0.08/turn              (no ring)

@: berserking, lethally poisoned (0 -> -9), very quick
A: retaliatory headbutt, horns 2
a: Depart the Abyss, Renounce Religion


You were on level 2 of the Dungeon.
You worshipped Lugonu.
Lugonu was aware of your devotion.
You were not hungry.

You visited 1 branch of the dungeon, and saw 2 of its levels.
You visited the Abyss 1 time.

You collected 78 gold pieces.

Inventory:

Hand Weapons
 a - a +1 hand axe (weapon)
Missiles
 e - 5 stones
 j - 14 sling bullets
 l - 8 boomerangs (quivered)
Armour
 b - a +0 leather armour (worn)
 p - a +0 scale mail
 q - a +0 buckler (worn)
Jewellery
 i - an uncursed amulet of the acrobat {unknown}
Scrolls
 d - a scroll of fog {unknown}
 g - a scroll of teleportation {unknown}
 h - a scroll of magic mapping {unknown}
 k - a scroll of amnesia {unknown}
Potions
 f - a potion of lignification
 o - a potion of stabbing {unknown}
Comestibles
 c - 3 rations


   Skills:
 + Level 4.4 Fighting
 + Level 3.2 Axes
 + Level 2.8 Armour
 + Level 1.2 Dodging
 + Level 1.8 Invocations


You had 2 spell levels left.
You didn't know any spells.
Your spell library was empty.

Dungeon Overview and Level Annotations

Branches:
Dungeon (2/15)

Altars:


Innate Abilities, Weirdness & Mutations

You reflexively headbutt those who attack you in melee.
You have a pair of horns on your head.


Message History

Unknown command.
You see here a stone.
You closely miss the hobgoblin. You hit the kobold but do no damage.
You hit the adder.
* * * LOW HITPOINT WARNING * * *
You feel sick. The kobold closely misses you. You furiously retaliate!
You headbutt the kobold.
You kill the kobold!
Lugonu accepts your kill. The adder bites you.
* * * LOW HITPOINT WARNING * * *
The hobgoblin barely misses you. The adder bites you.
* * * LOW HITPOINT WARNING * * *
It was a potion of berserk rage.
A red film seems to cover your vision as you go berserk!
You feel yourself moving faster!
You feel mighty! The adder bites you.
* * * LOW HITPOINT WARNING * * *
You are more poisoned.
The adder poisons you! The hobgoblin hits you with a +0 club.
You die...

#...#....# ###.#
#.....##.#####...#
#.................
.........<.....###
.........(.......
.#...........#..
##..........# .
#(.S.......#..K.
#.@.....(.......#
#..g...#.#......#
#.....##.###....#
###..##... ....#
#.##..... #...#
#.#..S♣... ...#
#####. .###...# #.
.#


You could see an adder and a hobgoblin.

Vanquished Creatures
  A worm (D:2)
  2 dart slugs (D:1)
  2 giant cockroaches (D:1)
  6 hobgoblins
  4 kobolds
  A ball python (D:1)
  3 bats (D:1)
  5 frilled lizards
  3 goblins (D:1)
  A rat (D:1)
28 creatures vanquished.

Notes
Turn   | Place    | Note
-------+----------+-------------------------------------------
     0 | Abyss:1  | Acheron the Minotaur Abyssal Knight began the quest for the
                  | Orb.
     0 | Abyss:1  | Reached XP level 1. HP: 19/19 MP: 1/1
    36 | Abyss:2  | Noticed a large abomination
    47 | D:1      | Escaped the Abyss
   229 | D:1      | Reached * piety under Lugonu
   270 | D:1      | Reached XP level 2. HP: 27/27 MP: 2/2
   271 | D:1      | Reached skill level 4 in Fighting
   927 | D:1      | Reached XP level 3. HP: 27/34 MP: 3/3
  1329 | D:2      | HP: 1/51 [adder (2)]
  1329 | D:2      | Slain by a hobgoblin

Illustrated notes

Levels and vault maps discovered:
D:1:      elethiomel_arrival_fortress_basement, layout_basic
D:2:      layout_rooms, grunt_ministairs_14, uniq_natasha,
          uniq_crazy_yiuf_cottage

Skill      XL: |  1  2 |
---------------+-------+-----
Fighting       | 4 |  4.4
Axes           | 3 |  3.2
Armour         | |  2.8
Dodging        | |  1.2
Invocations    | |  1.8

Action                   || total
-------------------------++-------
Melee: Hand axe          ||    84
       Headbutt          ||     4
Invok: Depart the Abyss  ||     1
  Use: Scroll            ||     2
       Potion            ||     1
  Eat: Chunk             ||     1
Armor: Leather armour    ||    31
Dodge: Dodged            ||    52
Block: Buckler           ||     2
